 Dungeon Crawl Stone Soup version 0.24.0-123-gd5b16e6ec5 (webtiles) character file.

Game seed: 17883566530288686308, levelgen mode: deterministic

6629 Johnny the Geomancer (level 10, -12/103 HPs)
             Began as a Demigod Earth Elementalist on Jan 28, 2020.
             Mangled by a yak (14 damage)
             ... on level 8 of the Dungeon.
             The game lasted 00:13:56 (9239 turns).

Johnny the Geomancer (Demigod Earth Elementalist)   Turns: 9239, Time: 00:13:56

Health: -12/103    AC:  4    Str: 16    XL:     10   Next: 44%
Magic:  1/28       EV: 12    Int: 27    God:
Gold:   574        SH:  0    Dex: 16    Spells: 15/28 levels left

rFire    . . .     SeeInvis +   i - +4 trident (flame)
rCold    . . .     Gourm    .   (no shield)
rNeg     . . .     Faith    .   c - +0 robe
rPois    .         Spirit   .   (no helmet)
rElec    .         Reflect  .   I - +0 cloak
rCorr    .         Harm     .   j - +0 pair of gloves
MR       +....                  (no boots)
Stlth    ..........             x - amulet of the acrobat
HPRegen  0.27/turn              m - +2 ring of intelligence
MPRegen  0.21/turn              y - ring of see invisible

@: berserking, very quick
A: high mp 1
a: no special abilities


You were on level 8 of the Dungeon.
You were very hungry.

You visited 1 branch of the dungeon, and saw 9 of its levels.

You collected 574 gold pieces.

Inventory:

Hand Weapons
 i - a +4 trident of flaming (weapon)
Missiles
 b - 8 throwing nets
 t - 17 stones (quivered)
Armour
 c - a +0 robe (worn)
 j - a +0 pair of gloves (worn)
 I - a +0 cloak (worn)
Jewellery
 m - a +2 ring of intelligence (left hand)
 x - an amulet of the acrobat (around neck)
 y - a ring of see invisible (right hand)
Wands
 k - a wand of clouds (2)
 D - a wand of acid (11)
 G - a wand of digging (2)
Scrolls
 a - 3 scrolls of fog
 e - 2 scrolls of teleportation {unknown}
 h - a scroll of amnesia
 l - 7 scrolls of remove curse
 n - 2 scrolls of immolation
 p - 2 scrolls of enchant armour {unknown}
 s - 2 scrolls of random uselessness
 u - a scroll of magic mapping
 B - a scroll of fear {unknown}
 C - 4 scrolls of identify
 F - a scroll of enchant weapon {unknown}
Potions
 g - 4 potions of curing
 o - a potion of magic {unknown}
 q - a potion of brilliance {unknown}
 r - 2 potions of degeneration {unknown}
 v - 3 potions of haste {unknown}
 w - 2 potions of lignification {unknown}
 z - a potion of agility {unknown}
 A - a potion of invisibility {unknown}
 E - 3 potions of mutation {unknown}
 H - 3 potions of berserk rage
 J - 2 potions of heal wounds {unknown}
Comestibles
 d - 17 rations


   Skills:
 - Level 1.7 Dodging
 - Level 1.7 Stealth
 + Level 9.9 Spellcasting
 - Level 0.8 Transmutations
 + Level 10.9 Earth Magic


You had 15 spell levels left.
You knew the following spells:

 Your Spells              Type           Power        Failure   Level  Hunger
a - Sandblast             Erth           ######       1%          1    None
b - Stone Arrow           Conj/Erth      #####.       1%          3    None
c - Lee's Rapid Deconstr  Erth           ######....   1%          5    ####...
d - Petrify               Tmut/Erth      #####...     3%          4    None

Your spell library contained the following spells:

 Spells                   Type           Power        Failure   Level  Hunger
 Passwall                 Tmut/Erth      #####...     1%          2    None
 Beastly Appendage        Tmut           ###...       3%          1    None
 Summon Small Mammal      Summ           ##..         4%          1    None
 Sticks to Snakes         Tmut           ###.....     4%          2    None
 Call Imp                 Summ           ##......     7%          2    None
 Spider Form              Tmut/Pois      ###.......   11%         3    None
 Call Canine Familiar     Summ           ##......     13%         3    None
 Summon Guardian Golem    Hex/Summ       ##......     13%         3    None
 Ice Form                 Ice/Tmut       ###.....     34%         4    None
 Summon Ice Beast         Ice/Summ       ##......     41%         4    None
 Summon Lightning Spire   Summ/Air       ##......     41%         4    None
 Blade Hands              Tmut           ###.......   63%         5    ####...


Dungeon Overview and Level Annotations

Branches:
Dungeon (9/15)             Temple (0/1) D:7
   Lair: D:8-11         Orc: D:9-12


Innate Abilities, Weirdness & Mutations

You have an increased reservoir of magic. (+10% MP)


Message History

Confirm with . or Enter, or press ? or * to list all spells.
Aiming: Sandblast (safe; 1% risk of failure)
Press: ? - help, Shift-Dir - straight line, f/p - yak
Aim: a yak (almost dead)
The blast of sand hits the yak!!
You kill the yak!
t - 17 stones The yak gores you.
* * * LOW HITPOINT WARNING * * *
Unknown command.
Okay, then.
Okay, then.
You feel better. The yak gores you!
* * * LOW HITPOINT WARNING * * *
Unknown command.
Okay, then.
Okay, then.
A red film seems to cover your vision as you go berserk!
You feel yourself moving faster!
You feel mighty! The yak gores you!
You die...

#.#...###.######..............#
))#...##..####.#..............###
)[)......................#......#
.).).....####..........###.......
......#....###..##.........##....
..)...#...............#.Y..#.....
.............####.....##...####..
...........#.##Y#..........##....
...........#...Y@..........##....
..............##............#....
...........#...##...........#....
...........##.###..>.............
............#.).†.#..............
...........##..#†.##.............
..........Y##...†..............>.
##........Y##............##......
>........................#.[....o


You could see 2 yaks.

Vanquished Creatures
  Maurice (D:8)
  Grinder (D:3)
  4 yaks (D:8)
  4 hogs (D:8)
  A human (D:8)
  Duvessa (D:7)
  4 orc warriors
  A phantom (D:6)
  A sky beast (D:7)
  4 ogres
  A centaur (D:6)
  A wolf (D:7)
  4 bullfrogs
  4 gnoll sergeants (D:7)
  A wyvern zombie (D:8)
  Dowan (D:7)
  6 scorpions
  4 killer bees (D:8)
  4 howler monkeys
  11 wights
  2 electric eels (D:7)
  A centaur zombie (D:7)
  A bullfrog zombie (D:7)
  4 orc priests
  2 bullfrog skeletons
  9 hounds (D:7)
  3 jellies
  12 orc wizards
  A centaur skeleton (D:7)
  2 gnoll shamans (D:7)
  2 iguanas (D:6)
  11 worker ants
  A hound zombie (D:8)
  A hound skeleton (D:7)
  A worker ant zombie (D:8)
  31 gnolls (D:7)
  12 adders
  3 worms
  3 leopard geckos
  35 orcs
  7 bats
  3 giant cockroaches
  10 hobgoblins
  20 jackals
  2 ball pythons
  4 frilled lizards
  5 goblins
  2 jackal zombies
  4 kobolds
  A leopard gecko skeleton (D:8)
  8 rats
  A fungus (D:5)
  A toadstool (D:5)
264 creatures vanquished.

Vanquished Creatures (others)
  5 toadstools (D:5)
5 creatures vanquished.

Grand Total: 269 creatures vanquished

Notes
Turn   | Place    | Note
-------+----------+-------------------------------------------
     0 | D:1      | Johnny the Demigod Earth Elementalist began the quest for
                  | the Orb.
     0 | D:1      | Reached XP level 1. HP: 14/14 MP: 5/5
   124 | D:1      | Reached skill level 3 in Earth Magic
   159 | D:1      | Reached XP level 2. HP: 3/20 MP: 0/7
  1449 | D:2      | Reached XP level 3. HP: 24/26 MP: 1/9
  2061 | D:3      | Reached XP level 4. HP: 18/33 MP: 0/11
  2161 | D:3      | Noticed Grinder
  2215 | D:3      | Killed Grinder
  2215 | D:3      | Reached skill level 4 in Earth Magic
  2215 | D:3      | Reached XP level 5. HP: 21/38 MP: 2/14
  2467 | D:3      | Reached skill level 5 in Earth Magic
  2467 | D:3      | Reached XP level 6. HP: 27/45 MP: 7/15
  2660 | D:3      | Found a white marble altar of Elyvilon.
  2853 | D:3      | Learned a level 3 spell: Stone Arrow
  3375 | D:4      | Reached XP level 7. HP: 39/50 MP: 1/17
  3386 | D:4      | Reached skill level 5 in Spellcasting
  3461 | D:4      | Reached skill level 6 in Earth Magic
  4108 | D:5      | Entered Level 5 of the Dungeon
  4365 | D:5      | You fall into a shaft and drop 2 floors!
  4494 | D:6      | Reached XP level 8. HP: 56/57 MP: 6/20
  4540 | D:6      | Learned a level 5 spell: Lee's Rapid Deconstruction
  4545 | D:6      | Learned a level 4 spell: Petrify
  4592 | D:6      | Reached skill level 7 in Earth Magic
  4879 | D:6      | Found a hazy altar of Hepliaklqana.
  4912 | D:6      | You fall into a shaft and drop 3 floors!
  5508 | D:7      | Reached skill level 8 in Earth Magic
  5792 | D:6      | Reached XP level 9. HP: 45/62 MP: 8/24
  6501 | D:7      | Reached skill level 9 in Earth Magic
  6592 | D:7      | Noticed Duvessa
  6597 | D:7      | Killed Duvessa
  6597 | D:7      | Noticed Dowan
  6614 | D:7      | Killed Dowan
  7552 | D:7      | Found a staircase to the Ecumenical Temple.
  8156 | D:7      | Reached skill level 10 in Earth Magic
  8252 | D:8      | Noticed Maurice
  8260 | D:8      | Killed Maurice
  8260 | D:8      | Reached XP level 10. HP: 42/69 MP: 3/27
  9012 | D:8      | Found a sacrificial altar of Ru.
  9238 | D:8      | HP: 1/69 [yak (9)]
  9239 | D:8      | Mangled by a yak

Levels and vault maps discovered:
D:1:      scummos_arrival_simple_crosswalls, layout_loops_ring, serial_forest,
          infiniplex_forest_clump_double, infiniplex_forest_lined_ring,
          infiniplex_forest_clump_large, infiniplex_forest_lined_3_way,
          infiniplex_forest_side_room, infiniplex_forest_clump_curved,
          infiniplex_forest_straight_5, infiniplex_forest_clump_tiny
D:2:      layout_loops_cross
D:3:      layout_basic, lemuel_crystal_altar, uniq_grinder
D:4:      layout_rooms
D:5:      layout_loops_ring, first_ration, minmay_gold_behind_fungi,
          grunt_ministairs_8, kennysheep_decorative_pillar
D:6:      layout_gridville, basic_altar
D:7:      layout_cave_pools, minmay_temple_entry_glassed_door,
          serial_gnoll_camp, gnoll_camp_huts_moat, gnoll_camp_mini_loothouse,
          gnoll_camp_mini_doghouse, gnoll_camp_medium_02, minivault_24,
          uniq_duvessa
D:8:      layout_cave_pools, nicolae_ru_sacrificial_ziggurat, grunt_livestock,
          uniq_maurice
D:9:      layout_cave_pools

Skill      XL: |  1  2  3  4  5  6  7  8  9 |
---------------+----------------------------+-----
Spellcasting   | 2 3 4 6 7 9 |  9.9
Earth Magic    | 3 4 5 6 8 10 | 10.9
Dodging        | |  1.7
Stealth        | |  1.7
Transmutations | |  0.8

Action                   |  1- 3 |  4- 6 |  7- 9 | 10-12 || total
-------------------------+-------+-------+-------+-------++-------
Melee: Unarmed           |    31 |     6 |       |       ||    37
       War axe           |       |    17 |    82 |       ||    99
       Trident           |       |       |     4 |    14 ||    18
Throw: Stone             |       |       |       |     1 ||     1
 Cast: Sandblast         |    65 |    59 |    66 |    23 ||   213
       Stone Arrow       |       |     8 |    99 |    16 ||   123
       Lee's Rapid Decon |       |       |    21 |    12 ||    33
Evoke: Wand              |       |     1 |    20 |     3 ||    24
  Use: Potion            |       |     2 |     1 |     2 ||     5
       Scroll            |       |     4 |     4 |       ||     8
 Stab: Sleeping          |       |     1 |     2 |       ||     3
       Confused          |       |       |     1 |       ||     1
       Paralysed         |       |       |     9 |       ||     9
  Eat: Chunk             |     2 |     3 |    19 |     4 ||    28
       Ration            |       |     1 |       |       ||     1
Armor: Robe              |    23 |    10 |    37 |     2 ||    72
Dodge: Dodged            |    54 |    45 |   151 |    29 ||   279
